AoeStats
← KuellerEgg

Nomad

509293812Analyzed
2v2 RM · 5d ago on Sep 26, 2026· 47m 0s· 4 players
Game mode
Random Map
Map size
176×176
Population
200
Speed
Normal
Resources
Standard
Victory
Conquest
Starting age
Dark Age
Ending age
Imperial Age
RankedLock teamsTeams togetherTeam positionsShared explorationLock speedFull tech treeHidden civsTurbo modeCheats
Victory
Defeat
🇩🇪 Persians · Germany
1129
+16
🇩🇪 Berbers · Germany
1129
+16
🇳🇱 Persians · Netherlands
1168
-18
🇳🇱 Varangians · Netherlands
1088
-14
MISTER DYE
4:08 Loom
14:15 Feudal Age
14:54 Double-Bit Axe
20:04 Castle Age
18:57 Scale Barding Armor
20:39 Forging
21:30 Medium Warships
21:41 Bow Saw
21:44 Bloodlines
22:02 Gold Mining
24:10 Gold Shaft Mining
24:21 Chain Barding Armor
26:12 Iron Casting
26:49 Elite Skirmisher
27:32 Padded Archer Armor
28:06 Fishing Lines
30:41 Gillnets
30:54 Fletching
32:11 Stone Mining
32:54 Murder Holes
35:45 Masonry
36:41 Thumb Ring
38:11 Wheelbarrow
38:32 Bodkin Arrow
39:00 Town Watch
42:26 Leather Archer Armor
44:19 Ballistics
NotYourHer0
5:07 Loom
18:14 Feudal Age
18:39 Fishing Lines
25:23 Fletching
25:41 Scale Barding Armor
25:46 Forging
28:11 Castle Age
28:35 Padded Archer Armor
29:48 Double-Bit Axe
31:38 Chain Barding Armor
33:23 Husbandry
33:24 Scale Mail Armor
37:13 Arson
37:58 Bow Saw
44:29 Bodkin Arrow
jogi
5:43 Loom
13:22 Feudal Age
14:57 Double-Bit Axe
15:15 Gold Mining
21:47 Castle Age
21:23 Horse Collar
22:26 Medium Warships
23:03 Crossbowman
23:49 Thumb Ring
23:35 Fletching
23:48 Padded Archer Armor
27:40 Wheelbarrow
27:58 Bodkin Arrow
30:39 Bow Saw
30:31 Heavy Plow
33:52 Kamandaran
35:05 Hand Cart
35:25 Town Watch
38:55 Ballistics
41:14 Gold Shaft Mining
43:40 Imperial Age
41:34 Light Cavalry
42:25 Bloodlines
42:16 Husbandry
44:35 Cavalier
46:34 Masonry
47:25 Chemistry
46:23 Murder Holes
KuellerEgg
8:30 Loom
12:39 Feudal Age
16:42 Castle Age
15:31 Double-Bit Axe
15:55 Fletching
16:56 Gold Mining
17:39 Bow Saw
17:47 Fishing Lines
20:21 Gillnets
21:31 Horse Collar
25:41 Town Watch
26:47 Bloodlines
29:11 Bodkin Arrow
29:40 Forging
29:53 Heavy Plow
31:27 Husbandry
32:20 Wheelbarrow
32:48 Scale Barding Armor
35:28 Iron Casting
35:35 Thumb Ring
39:26 Imperial Age
38:14 Chain Barding Armor
37:23 Light Cavalry
38:05 Stone Mining
38:51 Gold Shaft Mining
40:27 Bracer
41:00 Elite Camel Archer
42:18 Hoardings
42:04 Conscription
42:21 Maghrebi Camels
43:48 Blast Furnace
43:31 Stone Shaft Mining
44:50 Kasbah
45:48 Plate Barding Armor
46:22 Padded Archer Armor
45:46 Hussar
Connection lost

Rejoining the realm…

Still unreachable

The connection could not be restored.

Session expired

The server has moved on; the page needs a fresh start.